 Dungeon Crawl Stone Soup version 0.31-a0-472-g43a2ca8e1b (webtiles) character file.

Game seed: 16240281360774652415

745 Ethylacetat the Changeling (level 7, -9/48 HPs)
             Began as an Octopode Shapeshifter on Aug 6, 2023.
             Mangled by a sleepcap (12 damage)
             ... on level 4 of the Dungeon.
             The game lasted 00:03:46 (3139 turns).

Ethylacetat the Changeling (Octopode Shapeshifter)  Turns: 3139, Time: 00:03:46

Health: -9/48      AC:  1    Str: 15    XL:     7   Next: 76%
Magic:  7/7        EV:  2    Int: 10    God:
Gold:   149        SH:  0    Dex: 14    Spells: 6/6 levels left

rFire   . .          .
                       - Unarmed
rCold   . . .        (no shield)
rNeg    . . .        (helmet currently unavailable)
rPois   .            c - amulet of magic regeneration
rElec   .            (no ring)
rCorr   .            (no ring)
SInv    .            (no ring)
Will    .....        (no ring)
Stlth   ++           (no ring)
HPRegen 0.28/turn    (no ring)
MPRegen 0.50/turn    (no ring)
                     (no ring)

%: no passive effects
@: beast-form, sleeping
A: beast (slay +4), almost no armour, amphibious, 8 rings, camouflage 1,
gelatinous body 1, (nimble swimmer 1), tentacles
a: Begin Untransformation


You were on level 4 of the Dungeon.
You were a hulking beast.
You visited 1 branch of the dungeon, and saw 5 of its levels.

You collected 149 gold pieces.

Inventory:

Jewellery
 c - an amulet of magic regeneration (around mantle)
Talismans
 b - a beast talisman (active)
Wands
 p - a wand of roots (8)
Scrolls
 f - 2 scrolls of revelation {unknown}
 g - 2 scrolls of vulnerability {unknown}
 h - a scroll of silence {unknown}
 i - a scroll of identify {unknown}
 j - a scroll of brand weapon {unknown}
 k - a scroll of poison {unknown}
 l - a scroll of blinking {unknown}
 o - a scroll of fog {unknown}
Potions
 a - a potion of lignification
 d - 2 potions of curing {unknown}
 e - a potion of heal wounds
 m - a potion of attraction {unknown}
 n - 2 potions of berserk rage {unknown}
 q - a potion of enlightenment {unknown}


   Skills:
 + Level 4.1 Fighting
 - Level 2.0 Dodging
 + Level 0.2 Shields
 + Level 5.0 Unarmed Combat
 * Level 5.7 Shapeshifting


You had 6 spell levels left.
You didn't know any spells.
Your spell library contained the following spells:

 Spells                   Type           Power      Damage    Failure   Level
 Freeze                   Ice            0%         1d3       36%         1
 Sandblast                Erth           0%         2d4       36%         1
 Poisonous Vapours        Pois/Air       0%         N/A       50%         2
 Wereblood                Tmut           0%         N/A       50%         2
 Frozen Ramparts          Ice            0%         1d1       75%         3
 Hailstorm                Conj/Ice       0%         3d3       75%         3
 Mephitic Cloud           Conj/Pois/Air  0%         N/A       75%         3
 Freezing Cloud           Conj/Ice/Air   0%         6-21      100%        5
 Irradiate                Conj/Tmut      0%         3d11      100%        5


Dungeon Overview and Level Annotations

Branches:
Dungeon (5/15)
 Temple: D:4-7

Altars:
Cheibriados
Qazlal
Ru
Uskayaw
Zin

Shops:
D:2 [   D:4 **


Innate Abilities, Weirdness & Mutations

You are a hulking beast.
Your limbs bulge with bestial killing power. (Slay +4)
You cannot wear most types of armour.
You are amphibious.
You can wear up to eight rings at the same time.
Your skin changes colour to match your surroundings (Stealth+).
Your rubbery body absorbs attacks. (AC +1, EV +1)
((You are camouflaged when in or above water. (Stealth+)))
You have tentacles for arms and can constrict up to eight enemies at once.


Message History

The orc priest hits you with a +0 mace!
You tentacle-slap the orc priest but do no damage.
Your grab misses the orc priest.
The orc priest is heavily wounded.
The orc priest closely misses you.
You tentacle-slap the orc priest. You grab the orc priest.
You squeeze the orc priest.
The orc priest is almost dead.
You constrict the orc priest, but do no damage.
The orc priest hits you with a +0 mace. The orc completely misses you.
You completely miss the orc priest. You squeeze the orc priest.
You kill the orc priest!
The orc attacks as you move away! The orc barely misses you.
The sleepcap closely misses you.
There is a stone staircase leading up here.
The sleepcap closely misses you.
You climb upwards.
There is a stone staircase leading down here.
The orc attacks as you move away! The orc barely misses you.
You tentacle-slap the orc. Your grab misses the orc.
The orc is almost dead.
The orc closely misses you.
You bludgeon the orc!
You kill the orc!
The sleepcap releases spores at you.
* * * LOW HITPOINT WARNING * * *
You tentacle-slap the sleepcap. You grab the sleepcap.
You squeeze the sleepcap!
The sleepcap is heavily damaged.
You constrict the sleepcap. The sleepcap releases spores at you.
* * * LOW HITPOINT WARNING * * *
You bludgeon the sleepcap!
The sleepcap is almost destroyed.
You constrict the sleepcap. The sleepcap releases spores at you.
* * * LOW HITPOINT WARNING * * *
You are engulfed in a cloud of soporific spores!
You fall asleep.
You lose your grip on the sleepcap.
The sleepcap releases spores at you!
You die...

...........................)#
.................#.#.##....<#
#...##∩##............##.....#
....#####..........#........#
...............#.#####...####
...............#.# ###.#
...............#.#######.##
...............#.f##......#
........##......h>...######
................##.###
....###.##....#.##.### ....#
#.#####.####...###
#######.#####..........#
.###.....##.)...#####..#
.##..............## #..####
..................#
#.....####
.#................#
##.#.....#


You could see a sleepcap.

Vanquished Creatures
  Grinder (D:4)
  2 black bears
  A hound (D:4)
  3 orc priests
  An iguana (D:5)
  An orc wizard (D:5)
  5 adders
  A white imp (D:5)
  An ufetubus (D:4)
  2 adder skeletons (D:3)
  4 worms (D:2)
  A dart slug (D:1)
  13 orcs
  6 endoplasms
  2 giant cockroaches (D:2)
  9 goblins
  8 hobgoblins
  9 jackals
  3 quokkas
  6 ball pythons
  2 ball python skeletons (D:3)
  A ball python zombie (D:3)
  7 bats
  6 frilled lizards
  8 kobolds
  11 rats
114 creatures vanquished.

Notes
Turn   | Place    | Note
-------+----------+-------------------------------------------
     0 | D:1      | Ethylacetat the Octopode Shapeshifter began the quest for
                  | the Orb.
     0 | D:1      | Reached XP level 1. HP: 13/13 MP: 1/1
    92 | D:1      | Reached XP level 2. HP: 9/18 MP: 2/2
   614 | D:1      | Reached XP level 3. HP: 23/23 MP: 3/3
   827 | D:2      | HP: 1/24 [worm (1)]
  1093 | D:2      | Reached XP level 4. HP: 29/29 MP: 4/4
  1138 | D:2      | Found Rerghi Murph's Armour Shop.
  1337 | D:2      | Found a sacrificial altar of Ru.
  1700 | D:3      | Found a faded altar of an unknown god.
  1717 | D:3      | Got Plato's Parchment of Bedrock
  1843 | D:3      | Reached XP level 5. HP: 35/35 MP: 5/5
  1973 | D:3      | Found a snail-covered altar of Cheibriados.
  1973 | D:3      | Found a stormy altar of Qazlal.
  1980 | D:3      | Found a faded altar of an unknown god.
  1982 | D:3      | Found a glowing silver altar of Zin.
  1984 | D:3      | Found a hide-covered altar of Uskayaw.
  2175 | D:4      | Found Weovunn's Specific Store.
  2231 | D:4      | Found Wekod's General Store.
  2235 | D:4      | Noticed Grinder
  2237 | D:4      | Paralysed by Grinder for 2 turns
  2246 | D:4      | Paralysed by Grinder for 2 turns
  2249 | D:4      | Killed Grinder
  2250 | D:4      | Reached XP level 6. HP: 19/42 MP: 6/6
  2343 | D:4      | Noticed a black bear
  2348 | D:4      | Reached skill level 5 in Shapeshifting
  2352 | D:4      | Killed a black bear
  2353 | D:4      | Reached XP level 7. HP: 30/46 MP: 7/7
  2858 | D:5      | Entered Level 5 of the Dungeon
  3004 | D:5      | Reached skill level 5 in Unarmed Combat
  3139 | D:4      | Mangled by a sleepcap

Illustrated notes

Levels and vault maps discovered:
D:1:      dpeg_arrival_ratfight, layout_loops_ring
D:2:      minmay_spotlight, layout_rooms, serial_shops,
          nicolae_shop_hallway_plus, basic_altar, kennysheep_generic_room_5
D:3:      layout_rooms, chequers_temple_overflow_minitemple, serial_undead,
          serial_undead_b, serial_undead_c, serial_undead_d, serial_undead_c,
          shapermc_ecumenical_altar_rom_forum, kennysheep_generic_room_8
D:4:      layout_rooms, nicolae_specific_store, uniq_grinder
D:5:      layout_basic

Skill      XL: |  1  2  3  4  5  6  7 |
---------------+----------------------+-----
Fighting       | 2 3 4 |  4.1
Shapeshifting  | 4 5 |  5.7
Unarmed Combat | 4 5 |  5.0
Dodging        | |  2.0
Shields        | |  0.2

Action                     |  1- 3 |  4- 6 |  7- 9 || total
---------------------------+-------+-------+-------++-------
  Melee: Unarmed           |    77 |    78 |    55 ||   210
         Constrict         |    25 |    23 |    20 ||    68
         Tentacles         |    22 |    18 |    10 ||    50
         Punch             |     2 |     2 |     2 ||     6
    Use: Potion            |     1 |       |       ||     1
   Stab: Sleeping          |     8 |     9 |     4 ||    21
 Armour: Skin              |     4 |     6 |     2 ||    12
  Dodge: Dodged            |    49 |    47 |    27 ||   123

Table legend: (Time is in decaauts)
 A = Elapsed time spent in this place.
 B = Non-inter-level travel time spent in this place.
 C = Inter-level travel time spent in this place.
 D = Time resting spent in this place.
 E = Time spent auto-exploring this place.
 F = Levels seen in this place.
 G = Mean time per level.
                   A        B        C        D        E       F      G
               +--------+--------+--------+--------+--------+-----+--------+
         Total |   3124 |   2916 |    208 |      0 |   2355 |   5 |  624.8 |
       Dungeon |   3124 |   2916 |    208 |      0 |   2355 |   5 |  624.8 |
               +--------+--------+--------+--------+--------+-----+--------+

Top non-repeatable levels by time:
     D:3: 789 daAuts
     D:1: 760 daAuts
     D:4: 684 daAuts
     D:2: 616 daAuts
     D:5: 272 daAuts
